 Dungeon Crawl Stone Soup version 0.27-a0-1217-g8a41f320e8 (webtiles) character file.

Game seed: 924465572471460227

1270 gruber the Ducker (level 8, -1/58 HPs)
             Began as a Djinni Fire Elementalist on June 5, 2021.
             Slain by Duvessa
             ... wielding a +0 short sword
              (7 damage)
             ... on level 6 of the Dungeon.
             The game lasted 00:08:20 (8150 turns).

gruber the Ducker (Djinni Fire Elementalist)        Turns: 8150, Time: 00:08:21

Health: -1/58      AC:  2    Str:  7    XL:     8   Next: 83%
Gold:   237        EV: 17    Int: 19    God:
                   SH:  0    Dex: 20

rFire    + + +     SeeInvis .   h - +4 short sword
rCold    x . .     Faith    .   (no shield)
rNeg     . . .     Spirit   .   a - +0 robe
rPois    ∞         Reflect  .   (no helmet)
rElec    .         Harm     .   (no cloak)
rCorr    .         Rampage  .   (no gloves)
Will     .....                  (boots unavailable)
Stlth    ++........             (no amulet)
HPRegen  0.19/turn              e - ring of protection from fire
MPRegen  0.00/turn              n - +6 ring of dexterity

@: flying
A: sickness immunity, fire resistance 2, cold vulnerability 1, float, innate
caster, hp casting, extra vitality 1
a: no special abilities


You were on level 6 of the Dungeon.
You visited 2 branches of the dungeon, and saw 7 of its levels.
You also visited: Sewer.

You collected 237 gold pieces.

Inventory:

Hand Weapons
 h - a +4 short sword (weapon)
Missiles
 c - 2 javelins
 m - a throwing net
Armour
 a - a +0 robe (worn)
 s - a +2 leather armour of willpower
Jewellery
 e - a ring of protection from fire (left hand)
 n - a +6 ring of dexterity (right hand)
Wands
 p - a wand of iceblast (10)
 x - a wand of flame (9)
Scrolls
 b - 2 scrolls of amnesia {unknown}
 d - 7 scrolls of teleportation {unknown}
 f - 4 scrolls of identify {unknown}
 g - 2 scrolls of fear {unknown}
 l - 2 scrolls of immolation {unknown}
 v - 3 scrolls of blinking {unknown}
 y - a scroll of magic mapping {unknown}
 z - a scroll of enchant armour {unknown}
Potions
 i - a potion of lignification {unknown}
 j - 3 potions of attraction {unknown}
 k - 2 potions of resistance {unknown}
 o - a potion of haste {unknown}
 q - 3 potions of curing {unknown}
 r - a potion of berserk rage {unknown}
 t - 4 potions of might {unknown}
 u - a potion of magic {unknown}
 w - a potion of brilliance {unknown}


   Skills:
 - Level 4.0 Fighting
 - Level 7.1 Dodging
 - Level 1.5 Stealth
 * Level 5.6 Spellcasting


You couldn't memorise any spells.
You knew the following spells:

 Your Spells              Type           Power      Damage    Failure   Level
a - Foxfire               Conj/Fire      100%       2x1d9     1%          1
b - Conjure Flame         Conj/Fire      26%        6-21      3%          3
c - Inner Flame           Hex/Fire       26%        N/A       3%          3
d - Sticky Flame          Conj/Fire      26%        2d5       12%         4
e - Fireball              Conj/Fire      13%        3d7       32%         5
f - Shock                 Conj/Air       100%       1d9       1%          1
g - Searing Ray           Conj           52%        3d5       1%          2
h - Swiftness             Air            26%        N/A       3%          3
Your spell library was empty.

Dungeon Overview and Level Annotations

Branches:
Dungeon (6/15)             Temple (1/1) D:5           Sewer (visited)

Altars:
Dithmenos
Gozag
Kikubaaqudgha
Okawaru
Qazlal
Vehumet
Wu Jian
Xom
Lugonu

Annotations:
D:6 Dowan, Duvessa


Innate Abilities, Weirdness & Mutations

You are immune to sickness and miasma.
You are immune to poison.
Your flesh is very heat resistant. (rF++)
You are vulnerable to cold. (rC-)
You float through the air rather than walking.
You learn spells naturally, not from books.
Your magical power is your life essence.
You have superior vitality. (+4 HP)


Message History

The zap hits Duvessa.
Duvessa is almost dead.
Duvessa burns!
Duvessa stops burning.
Duvessa barely misses you.
Unknown command.
Unknown command.
Casting: Shock (safe; 1% risk of failure)
Confirm with . or Enter, or press ? or * to list all spells.
Aiming: Shock (safe; 1% risk of failure)
Press: ? - help, Shift-Dir - straight line The zap hits Dowan but does no damage.
The zap hits Dowan.
Dowan is lightly wounded.
Dowan misses you. Duvessa closely misses you.
Unknown command.
Unknown command.
Unknown command.
Casting: Shock (safe; 1% risk of failure)
Confirm with . or Enter, or press ? or * to list all spells.
Aiming: Shock (safe; 1% risk of failure)
Press: ? - help, Shift-Dir - straight line The zap misses Dowan.
The zap hits Dowan.
Dowan is moderately wounded.
The adder barely misses you. Dowan closely misses you. The adder bites you.
Duvessa says, "Where magic fails, the sword succeeds!"
Duvessa barely misses you.
Unknown command.
Casting: Shock (safe; 1% risk of failure)
Confirm with . or Enter, or press ? or * to list all spells.
Aiming: Sticky Flame (dangerous; 12% risk of failure)
Press: ? - help, Shift-Dir - straight line, f - Duvessa
Aim: Duvessa, wielding a +0 short sword and wearing a +2 leather armour of fire resistance (almost dead, 100% to hit)
The sticky flame hits Duvessa but does no damage.
Duvessa is almost dead.
Duvessa is covered in liquid flames!
* * * LOW HITPOINT WARNING * * *
The adder misses you. Dowan gestures at you while chanting.
The puff of frost hits you!
You feel a terrible chill!
* * * LOW HITPOINT WARNING * * *
Duvessa hits you with a +0 short sword!
You die...

.# . .### # ##. ...######.#
#.. .#.#......# #.# .).....#
#.# .#.#...# #.# ...#..##
#.######.# .###..# #ee......#
.# #..# ##@S..#########
.###..#########..............
................#...>########
####..########......[####
#.......# #..).......#
..##..#.# #..........##### #
#..#.# #...............
#..#.# #.......########
#..#.# #####...#


You could see Duvessa (burning), Dowan and an adder.

Vanquished Creatures
  Sigmund (D:2)
  Menkaure (D:5)
  Edmund (D:5)
  An orc warrior (D:5)
  An ice beast (D:5)
  An ogre (D:6)
  A phantom (D:3)
  A bullfrog (D:6)
  2 centaur zombies (D:5)
  A jelly (D:6)
  An orc priest (D:5)
  An iguana (D:6)
  An orc wizard (D:5)
  A scorpion zombie (D:5)
  A hound skeleton (D:4)
  2 howler monkey zombies (D:5)
  7 gnolls
  6 adders
  An adder skeleton (D:4)
  A worm (D:4)
  A dart slug (D:2)
  12 orcs
  5 ball pythons
  7 bats
  8 endoplasms
  5 giant cockroaches
  8 goblins
  4 hobgoblins
  8 jackals
  12 kobolds
  2 quokkas
  11 frilled lizards
  4 rats
120 creatures vanquished.

Vanquished Creatures (others)
  581 foxfires
581 creatures vanquished.

Grand Total: 701 creatures vanquished

Notes
Turn   | Place    | Note
-------+----------+-------------------------------------------
     0 | D:1      | gruber the Djinni Fire Elementalist began the quest for the
                  | Orb.
     0 | D:1      | Reached XP level 1. HP: 15/15 MP: 0/0
   254 | D:1      | Reached XP level 2. HP: 12/21 MP: 0/0
  1241 | D:1      | Reached XP level 3. HP: 15/25 MP: 0/0
  1241 | D:1      | Learned a level 1 spell: Shock
  2411 | D:2      | Found a shadowy altar of Dithmenos.
  2670 | D:2      | Reached XP level 4. HP: 29/31 MP: 0/0
  2696 | D:2      | Noticed Sigmund
  2702 | D:2      | Killed Sigmund
  2703 | D:2      | Reached XP level 5. HP: 24/35 MP: 0/0
  2703 | D:2      | Learned a level 2 spell: Searing Ray
  2703 | D:2      | Reached XP level 6. HP: 28/40 MP: 0/0
  3176 | D:2      | Reached skill level 5 in Spellcasting
  3239 | D:2      | Found a faded altar of an unknown god.
  3525 | D:2      | Reached skill level 1 in Fighting
  4244 | D:3      | Reached XP level 7. HP: 5/50 MP: 0/0
  4244 | D:3      | Learned a level 3 spell: Swiftness
  5068 | D:4      | Found a glowing drain.
  5107 | Sewer    | Entered a sewer
  6215 | D:5      | Entered Level 5 of the Dungeon
  6234 | D:5      | Noticed Edmund
  6252 | D:5      | Killed Edmund
  6253 | D:5      | Reached skill level 3 in Dodging
  6486 | D:5      | Reached skill level 4 in Dodging
  6617 | D:5      | Found a staircase to the Ecumenical Temple.
  6624 | D:5      | Found an opulent altar of Gozag.
  6994 | D:5      | Reached XP level 8. HP: 44/58 MP: 0/0
  7081 | D:5      | Noticed Menkaure
  7085 | D:5      | Killed Menkaure
  7086 | D:5      | Reached skill level 5 in Dodging
  7244 | D:5      | Reached skill level 6 in Dodging
  7402 | D:5      | Reached skill level 7 in Dodging
  7786 | Temple   | Entered the Ecumenical Temple
  8132 | D:6      | Noticed Duvessa
  8137 | D:6      | Noticed Dowan
  8150 | D:6      | Slain by Duvessa

Illustrated notes

Levels and vault maps discovered:
D:1:      amcnicky_arrival_feature_with_door, layout_basic, st_stairs_13
D:2:      layout_basic, chequers_ecumenical_altar_simple_redux, basic_altar,
          minmay_diced_spiral, uniq_sigmund
D:3:      layout_loops_ring, hangedman_abyss_or_decor_lesser_grid
D:4:      layout_basic, portal_sewer_entry_a
D:5:      layout_loops_ring, grunt_gozag_breadcrumbs, temple_statues,
          uniq_menkaure, uniq_edmund
D:6:      cheibrodos_iron_armory, layout_loops_ring, tso_oasis_becter,
          columned_hall_lemuel, grunt_potential, uniq_duvessa, uniq_eustachio,
          uniq_maggie, uniq_grinder
Temple:   corrupted_temple

Skill      XL: |  1  2  3  4  5  6  7  8 |
---------------+-------------------------+-----
Spellcasting   | 3 4 5 |  5.6
Fighting       | 3 4 |  4.0
Dodging        | 4 7 |  7.1
Stealth        | |  1.5

Action                   |  1- 3 |  4- 6 |  7- 9 || total
-------------------------+-------+-------+-------++-------
Melee: Unarmed           |     5 |       |       ||     5
       Short sword       |       |     8 |    19 ||    27
 Cast: Foxfire           |   109 |    99 |   153 ||   361
       Shock             |     5 |    11 |    15 ||    31
       Sticky Flame      |       |       |     7 ||     7
       Inner Flame       |       |       |     2 ||     2
       Swiftness         |       |       |     1 ||     1
       Searing Ray       |       |       |     2 ||     2
 Stab: Sleeping          |       |     1 |       ||     1
Armor: Robe              |     4 |       |     1 ||     5
Dodge: Dodged            |    14 |     7 |    41 ||    62

Table legend: (Time is in decaauts)
 A = Elapsed time spent in this place.
 B = Non-inter-level travel time spent in this place.
 C = Inter-level travel time spent in this place.
 D = Time resting spent in this place.
 E = Time spent auto-exploring this place.
 F = Levels seen in this place.
 G = Mean time per level.
                   A        B        C        D        E       F      G
               +--------+--------+--------+--------+--------+-----+--------+
         Total |   8147 |   8040 |    107 |    242 |   6868 |   8 | 1018.4 |
       Dungeon |   7491 |   7400 |     91 |    242 |   6349 |   6 | 1248.5 |
        Temple |     48 |     32 |     16 |      0 |     32 |   1 |   48.0 |
         Sewer |    607 |    607 |      0 |      0 |    487 |   1 |  607.0 |
               +--------+--------+--------+--------+--------+-----+--------+

Top non-repeatable levels by time:
     D:1: 2086 daAuts
     D:2: 1879 daAuts
     D:5: 1595 daAuts
     D:3: 896 daAuts
     D:4: 742 daAuts
   Sewer: 607 daAuts
     D:6: 291 daAuts
  Temple: 48 daAuts
